 Dungeon Crawl Stone Soup version 0.28-a0-1435-g82390b3a13 (webtiles) character file.

Game seed: 15945010953519053477

19 hashsling the Cutter (level 2, -2/17 HPs)
             Began as a Kobold Gladiator on Jan 9, 2022.
             Slain by a gnoll (6 damage)
             ... on level 2 of the Dungeon.
             The game lasted 00:03:30 (1310 turns).

hashsling the Cutter (Kobold Gladiator)             Turns: 1310, Time: 00:03:30

Health: -2/17      AC:  4    Str: 11    XL:     2   Next: 95%
Magic:  2/2        EV: 15    Int:  9    God:
Gold:   18         SH:  0    Dex: 16    Spells: 1/1 levels left

rFire   . . .      SeeInvis .   a - +0 rapier
rCold   . . .      Faith    .   l - orb {mayhem}
rNeg    . . .      Spirit   .   b - +0 leather armour
rPois   +          Reflect  .   g - +0 helmet
rElec   .          Harm     .   (no cloak)
rCorr   .          Rampage  .   (no gloves)
Will    .....                   (no boots)
Stlth   +++.......              (no amulet)
HPRegen 0.05/turn               m - ring of poison resistance
MPRegen 0.08/turn               (no ring)

@: no status effects
A: small, no large weapons, nightstalker 3
a: no special abilities


You were on level 2 of the Dungeon.
You visited 1 branch of the dungeon, and saw 2 of its levels.

You collected 18 gold pieces.

Inventory:

Hand Weapons
 a - a +0 rapier (weapon)
Missiles
 d - 3 throwing nets
 e - 14 poisoned darts (quivered)
 f - 23 sling bullets
 i - 86 stones
 n - 15 bolts
Armour
 b - a +0 leather armour (worn)
 g - a +0 helmet (worn)
 l - an orb of mayhem (worn)
Jewellery
 m - a ring of poison resistance (left hand)
Scrolls
 j - a scroll of enchant weapon {unknown}
 k - a scroll of blinking {unknown}
Potions
 c - 2 potions of degeneration {unknown}
 h - a potion of lignification {unknown}


   Skills:
 - Level 2.1 Fighting
 - Level 4.0 Short Blades
 - Level 2.1 Throwing
 - Level 3.6 Dodging
 * Level 3.4 Stealth


You had one spell level left.
You didn't know any spells.
Your spell library contained the following spells:

 Spells                   Type           Power      Damage    Failure   Level
 Beastly Appendage        Tmut           0%         N/A       47%         1
 Wereblood                Tmut           0%         N/A       63%         2
 Spider Form              Tmut/Pois      0%         N/A       85%         3


Dungeon Overview and Level Annotations

Branches:
Dungeon (2/15)

Altars:


Innate Abilities, Weirdness & Mutations

You are small and have problems with some larger weapons.
You are completely attuned to the shadows.


Message History

You drop a ring of poison resistance.
The goblin shouts!
You hear a bark!
You hear a shout! x2
You hit the goblin.
You kill the goblin!
Things that are here:
a +0 club; a goblin corpse A gnoll comes into view.
It is wielding a +0 spear.
Throw: 17 darts (poison)
Press: ? - help, Q - select action, (/) - cycle Shift-Dir - straight line, f - gnoll
Aim: a gnoll, wielding a +0 spear (wandering, hasn't noticed you, 65% to hit)
You throw a poisoned dart. The poisoned dart hits the gnoll.
The gnoll is poisoned.
The gnoll shouts!
You hear a shout!
You hear a bark! x2; You hear an angry hiss.
Throw: 16 darts (poison)
Press: ? - help, Q - select action, (/) - cycle Shift-Dir - straight line, f/p - gnoll
Aim: a gnoll, wielding a +0 spear (lightly wounded, poisoned, 65% to hit)
You throw a poisoned dart. The poisoned dart hits the gnoll.
The gnoll looks even sicker.
The gnoll is lightly wounded.
Throw: 15 darts (poison)
Press: ? - help, Q - select action, (/) - cycle Shift-Dir - straight line, f/p - gnoll
Aim: a gnoll, wielding a +0 spear (lightly wounded, very poisoned, 65% to hit)
You throw a poisoned dart.
The poisoned dart closely misses the gnoll.
A gnoll comes into view. It is wielding a +0 spear.
The gnoll misses you.
You hit the gnoll.
The gnoll is heavily wounded.
The gnoll hits you with a +0 spear.
The gnoll hits you from afar with a +0 spear.
You hit the gnoll but do no damage.
The gnoll is severely wounded.
The gnoll closely misses you.
The gnoll hits you from afar with a +0 spear!
* * * LOW HITPOINT WARNING * * *
You hit the gnoll but do no damage.
The gnoll is severely wounded.
The gnoll hits you with a +0 spear.
You die...

.#.#.###
.##...#...# ..
....#.#.#.#
#.###.##...#.#
........#=#.#
###.###.##...#
.(gg@...)..#.#
#(###.###.##.#
##.####..###
....<..[...
..####..###
..... ##..###
...#


You could see 2 gnolls.

Vanquished Creatures
  2 endoplasms (D:1)
  A giant cockroach (D:1)
  A goblin (D:2)
  2 hobgoblins (D:1)
  3 kobolds (D:1)
  A ball python (D:1)
  5 bats (D:1)
  2 rats (D:1)
17 creatures vanquished.

Notes
Turn   | Place    | Note
-------+----------+-------------------------------------------
     0 | D:1      | hashsling the Kobold Gladiator began the quest for the Orb.
     0 | D:1      | Reached XP level 1. HP: 12/12 MP: 1/1
    88 | D:1      | Reached skill level 1 in Stealth
   433 | D:1      | Reached XP level 2. HP: 14/17 MP: 2/2
  1310 | D:2      | Slain by a gnoll

Illustrated notes

Levels and vault maps discovered:
D:1:      dpeg_arrival_arbitrary_a, layout_loops_corners,
          kennysheep_another_room
D:2:      layout_loops_ring, serial_shops, nicolae_shop_window_shopping,
          minmay_hedge_maze, nrook_mini_vaults,
          nicolae_concentric_dashed_squares_wild, uniq_jessica

Skill      XL: |  1  2 |
---------------+-------+-----
Stealth        | 2 3 |  3.4
Fighting       | |  2.1
Short Blades   | |  4.0
Throwing       | |  2.1
Dodging        | |  3.6

Action                   || total
-------------------------++-------
Melee: Rapier            ||    49
       Punch             ||     1
Throw: Dart              ||     3
 Stab: Sleeping          ||     6
Armor: Leather armour    ||    18
Dodge: Dodged            ||    42

Table legend: (Time is in decaauts)
 A = Elapsed time spent in this place.
 B = Non-inter-level travel time spent in this place.
 C = Inter-level travel time spent in this place.
 D = Time resting spent in this place.
 E = Time spent auto-exploring this place.
 F = Levels seen in this place.
 G = Mean time per level.
                   A        B        C        D        E       F      G
               +--------+--------+--------+--------+--------+-----+--------+
         Total |   1308 |   1299 |      9 |      0 |   1100 |   2 |  654.0 |
       Dungeon |   1308 |   1299 |      9 |      0 |   1100 |   2 |  654.0 |
               +--------+--------+--------+--------+--------+-----+--------+

Top non-repeatable levels by time:
     D:1: 1281 daAuts
     D:2: 27 daAuts
